 Dungeon Crawl Stone Soup version 0.17.1-2-g5865329 (webtiles) character file.

100 Moresty the Shooter (level 4, -4/36 HPs)
             Began as a Centaur Hunter on Jan 12, 2016.
             Slain by a gnoll
             ... wielding a +0 flail
              (11 damage)
             ... on level 2 of the Dungeon.
             The game lasted 00:04:40 (2092 turns).

Moresty the Shooter (Centaur Hunter)                Turns: 2092, Time: 00:04:40

Health: -4/36      AC:  4    Str: 15    XL:     4   Next: 46%
Magic:  4/4        EV:  4    Int: 10    God:
Gold:   76         SH:  0    Dex: 10    Spells: 0 memorised, 3 levels left

rFire  . . .     SeeInvis .     a - +1 shortbow
rCold  . . .     Clarity  .     c - +0 leather armour
rNeg   . . .     SustAt   .     (shield currently unavailable)
rPois  .         Gourm    .     (no helmet)
rElec  .         Spirit   .     (no cloak)
rCorr  .         Warding  .     (no gloves)
rMut   .         Stasis   .     (no barding)
MR     .....                    (no amulet)
Stlth  +.........               (no ring)
                                (no ring)

@: very quick, not resistant to hostile enchantments, very unstealthy
A: hooves 3, deformed body, speed 2, tough skin 3
a: no special abilities


You were on level 2 of the Dungeon.
You were not hungry.

You visited 1 branch of the dungeon, and saw 3 of its levels.

You collected 76 gold pieces.

Inventory:

Hand Weapons
 a - a +1 shortbow (weapon)
 b - a +0 short sword
Missiles
 d - 4 arrows (quivered)
Armour
 c - a +0 leather armour (worn)
Scrolls
 f - a scroll of amnesia {unknown}
 i - a scroll of enchant armour {unknown}
 j - a scroll of noise {unknown}
 k - a scroll of teleportation {unknown}
 l - a scroll of immolation {unknown}
 o - 5 scrolls of identify {unknown}
 p - a scroll of enchant weapon {unknown}
 q - a scroll of recharging {unknown}
 r - a scroll of magic mapping {unknown}
 t - a scroll of fear {unknown}
Potions
 m - a potion of lignification {unknown}
 s - a potion of curing {unknown}
Comestibles
 e - a bread ration
 g - 3 chunks of flesh
 h - a meat ration
 n - a beef jerky


   Skills:
 + Level 2.1 Fighting
 + Level 7.3 Bows
 + Level 1.0 Armour
 + Level 1.5 Dodging
 + Level 0.5 Stealth


You had 3 spell levels left.
You didn't know any spells.

Dungeon Overview and Level Annotations

Branches:
Dungeon (3/15)

Altars:


Innate Abilities, Weirdness & Mutations

You have hooves in place of feet.
Armour fits poorly on your strangely shaped body.
You cover ground very quickly.
You have extremely tough skin (AC +3).


Message History

The arrow hits the gnoll but does no damage.
The gnoll hits you with a flail!
Firing (i - inventory):
d - 6 arrows (quivered)
Press: ? - help, Shift-Dir - straight line, f/p - gnoll
Aim: a gnoll, wielding a flail You shoot an arrow.
The arrow hits the gnoll.
The gnoll is heavily wounded.
The gnoll hits you with a flail!
Firing (i - inventory):
d - 5 arrows (quivered)
Press: ? - help, Shift-Dir - straight line, f/p - gnoll
Aim: a gnoll, wielding a flail (heavily wounded)
You shoot an arrow. The arrow barely misses the gnoll.
The arrow hits the gnoll but does no damage.
The gnoll hits you with a flail.
* * * LOW HITPOINT WARNING * * *
You are too injured to fight recklessly!
You climb upwards.
There is a stone staircase leading down here.
The gnoll hits you with a flail!
You die...

......# #.##.##.# ##'## #.#####
#.......# ##...## #.## #.##.##.#
##.....## #..## #.##..#.#
##.......##
#...########(##....###........<##
.....................'.........'.
....########.#..).<###.........##
...## #....g..# ##.......### ...#
#....@..# ##.....## # .###
###.##### ##...## # .# #.# ##'##
# .# #.# #.# # .# #.# #.# # .#
#.# ##.## # .# #.####### ##...##
# .# #.....[.# #>....# .#
#..####.# ##...##


You could see a gnoll.

Vanquished Creatures
  Ijyb (D:2)
  2 gnolls
  2 adders (D:2)
  A worm (D:2)
  A giant gecko (D:2)
  11 hobgoblins
  2 kobolds
  A ball python (D:1)
  2 bats
  3 giant newts
  2 goblins
  3 rats
31 creatures vanquished.

Notes
Turn   | Place    | Note
--------------------------------------------------------------
     0 | D:1      | Moresty the Centaur Hunter began the quest for the Orb.
     0 | D:1      | Reached XP level 1. HP: 17/17 MP: 1/1
   304 | D:1      | Reached XP level 2. HP: 24/24 MP: 2/2
   473 | D:1      | Reached skill level 6 in Bows
   855 | D:2      | Reached XP level 3. HP: 15/29 MP: 3/3
  1607 | D:2      | Noticed Ijyb
  1652 | D:2      | Killed Ijyb
  1652 | D:2      | Reached skill level 7 in Bows
  1652 | D:2      | Reached XP level 4. HP: 26/36 MP: 4/4
  1971 | D:2      | Reached skill level 1 in Armour
  2092 | D:2      | Slain by a gnoll

Action                   |  1- 3 |  4- 6 || total
-------------------------+-------+-------++-------
Melee: Shortbow          |       |     4 ||     4
 Fire: Shortbow          |   107 |    26 ||   133
  Eat: Chunk             |       |     2 ||     2
